Map: Romanticide LE

Players

Denver

  • Race: Zerg Zerg
  • League: Master

Reynor - Winner!

  • Race: Zerg Zerg

Event: DreamHack SC2 Masters 2021 Summer

VOD

Have the link to the VOD?

Description

Time

  • Played on: May 21, 2021, 11:56 a.m.
  • Length: 6:53

All games in this series

Show
View Real Time Build Order
Export as new Build Order

Denver Zerg 

Build Orders: Hatch First 

Get SALT Encoding   

  12  0:00  Drone  
  13  0:12  Overlord  
  13  0:16  Drone  
  14  0:30  Drone x2  
  16  0:48  Hatchery  
  15  0:51  Drone  
  15  0:54  Drone  
  17  0:57  Drone  
  18  1:08  Extractor  
  17  1:13  Spawning Pool  
  17  1:16  Drone  
  17  1:20  Drone  
  18  1:28  Drone  
  19  1:39  Drone  
  20  1:49  Drone  
  21  2:00  Queen x2, Overlord  
  25  2:01  Zergling x2  
  26  2:10  Metabolic Boost  
  26  2:11  Drone x2  
  28  2:22  Drone x2  
  30  2:33  Hatchery  
  29  2:40  Drone x2  
  31  2:47  Baneling Nest  
  31  2:48  Drone x2  
  32  2:54  Overlord  
  32  2:56  Drone  
  33  3:04  Drone  
  33  3:05  Drone  
  35  3:11  Queen  
  35  3:12  Zergling x2  
  38  3:15  Zergling x4  
  38  3:17  Drone  
  38  3:18  Drone  
  42  3:22  Overlord  
  42  3:25  Zergling x2  
  43  3:29  Evolution Chamber  
  43  3:30  Drone  
  43  3:33  Drone  
  44  3:37  Overlord  
  44  3:44  Drone  
  44  3:45  Drone x3  
  44  3:46  Baneling  
  44  3:47  Baneling  
  48  3:48  Drone  
  48  3:49  Drone  
  48  3:52  Drone x2  
  52  3:56  Overlord  
  52  4:02  Lair  
  51  4:05  Drone x2  
  51  4:08  Drone x2  
  55  4:13  Zerg Missile Weapons Level 1  
  55  4:16  Drone x3  
  58  4:19  Extractor, Drone x2  
  58  4:21  Drone  
  59  4:27  Zergling x2  
  59  4:29  Roach Warren, Zergling x4  
  59  4:30  Zergling x2  
  62  4:32  Drone  
  62  4:34  Extractor  
  62  4:35  Drone x2  
  62  4:37  Extractor  
  63  4:42  Overlord  
  62  4:52  Overlord  
  61  4:58  Drone x4  
  65  5:00  Drone x7  
  65  5:02  Extractor, Overseer  
  65  5:06  Extractor  
  70  5:09  Drone x3  
  70  5:13  Queen  
  75  5:14  Overlord  
  75  5:17  Roach x3  
  75  5:18  Roach  
  75  5:19  Roach  
  84  5:23  Overlord  
  84  5:26  Glial Reconstitution  
  84  5:30  Roach x3  
  84  5:35  Roach x2  
  93  5:41  Roach x3  
  84  5:50  Roach x2  
  84  5:54  Roach x3  
  86  5:57  Ravager x2  
  86  6:00  Roach x2  
  90  6:06  Roach x2  
  95  6:11  Roach x2  
  95  6:18  Overlord, Roach  
  97  6:21  Overlord  
  95  6:27  Overlord  
  95  6:29  Drone x3  
  98  6:34  Overlord x2  
Show
View Real Time Build Order
Export as new Build Order

Reynor Zerg - Winner!

Build Orders: Hatch First 

Get SALT Encoding   

  12  0:00  Drone  
  13  0:12  Overlord  
  13  0:16  Drone  
  14  0:30  Drone x2  
  16  0:47  Hatchery  
  15  0:51  Drone  
  15  0:54  Drone  
  17  0:58  Drone  
  18  1:08  Extractor  
  17  1:13  Spawning Pool  
  17  1:15  Drone  
  17  1:19  Drone  
  18  1:27  Drone  
  19  1:38  Drone  
  20  1:49  Drone  
  21  1:59  Overlord  
  21  2:00  Queen x2  
  25  2:01  Zergling x2  
  25  2:08  Metabolic Boost  
  26  2:10  Drone  
  26  2:11  Drone  
  28  2:21  Drone x2  
  30  2:31  Zergling x2  
  30  2:35  Hatchery  
  30  2:39  Drone  
  30  2:42  Drone  
  30  2:43  Drone  
  33  2:47  Baneling Nest  
  32  2:52  Overlord  
  32  2:55  Drone  
  33  3:04  Drone x2  
  35  3:15  Drone x2  
  35  3:16  Overlord  
  35  3:17  Drone  
  35  3:18  Zergling x4  
  40  3:24  Queen, Evolution Chamber  
  40  3:26  Drone  
  42  3:28  Drone  
  43  3:34  Lair  
  43  3:37  Drone  
  43  3:38  Extractor  
  43  3:43  Drone x2  
  43  3:44  Drone x2  
  43  3:46  Drone  
  48  3:53  Drone x3, Zergling x2  
  52  3:58  Overlord  
  52  4:04  Drone x3  
  52  4:06  Extractor  
  52  4:08  Extractor  
  53  4:13  Roach Warren  
  53  4:15  Drone x3  
  55  4:18  Overlord  
  55  4:21  Drone x2  
  57  4:37  Drone x2  
  59  4:40  Spire  
  59  4:43  Overlord  
  59  4:45  Zergling x12  
  62  4:50  Drone  
  64  4:56  Overlord  
  64  4:57  Zergling x10  
  64  4:58  Zergling x2  
  70  5:06  Baneling x2  
  70  5:07  Zergling x4  
  70  5:08  Zergling x2  
  70  5:11  Overlord  
  73  5:18  Drone  
  73  5:20  Drone x3  
  77  5:21  Drone  
  77  5:22  Overlord  
  77  5:23  Drone  
  78  5:34  Zergling x4  
  78  5:35  Zergling x4  
  81  5:37  Overlord  
  81  5:38  Drone x2  
  82  5:43  Zergling x6  
  82  5:44  Zergling x2  
  82  5:46  Overlord  
  81  5:59  Baneling x2  
  81  6:01  Mutalisk x6, Overlord  
  91  6:06  Mutalisk x3  
  94  6:14  Mutalisk  
  94  6:17  Drone x2  
  94  6:18  Drone x2  
  96  6:20  Overlord  
  96  6:24  Mutalisk  
  96  6:27  Drone, Extractor  
  96  6:28  Extractor  
  97  6:36  Zergling x4  
  101  6:40  Hatchery  
Tags
 
Add a new tag
Caveats
  • Supply blocks, unpowered buildings, or Contaminate may cause inaccurate times.
  • Supply counts are checked every 10 seconds.